Workbook
Name \0: #REF!
Name \00: #REF!
Name \a: #REF!
Name \a: [1]PJ!#REF!
Name \a: #REF!
Name \AA: [2]LIQUIDACION!#REF!
Name \b: [3]STRSUMM0!#REF!
Name \bb: [3]STRSUMM0!#REF!
Name \E: #REF!
Name \EE: #REF!
Name \G: #REF!
Name \k: '[4]7422CW00'!#REF!
Name \L: #REF!
Name \l: [5]STRSUMM0!#REF!
Name \M: #REF!
Name \ñ: '[6]7422CW00'!#REF!
Name \P: #REF!
Name \P: #REF!
Name \R: #REF!
Name \s: #REF!
Name \s: #REF!
Name \V: #REF!
Name \X: 'INDICAR CÓDIGO DEL ITEM DE PAGO'!ERR
Name \X: [0]!ERR
Name \Z: 'INDICAR CÓDIGO DEL ITEM DE PAGO'!ERR
Name \Z: [0]!ERR
Name _________AFC1: [7]INV!$A$25:$D$28
Name _________AFC3: [7]INV!$F$25:$I$28
Name _________AFC5: [7]INV!$K$25:$N$28
Name _________BGC1: [7]INV!$A$5:$D$8
Name _________BGC3: [7]INV!$F$5:$I$8
Name _________BGC5: [7]INV!$K$5:$N$8
Name _________CAC1: [7]INV!$A$19:$D$22
Name _________CAC3: [7]INV!$F$19:$I$22
Name _________CAC5: [7]INV!$K$19:$N$22
Name _________PJ50: #REF!
Name _________PJ50: #REF!
Name _________SBC1: [7]INV!$A$12:$D$15
Name _________SBC3: [7]INV!$F$12:$I$15
Name _________SBC5: [7]INV!$K$12:$N$15
Name ________AFC1: [7]INV!$A$25:$D$28
Name ________AFC3: [7]INV!$F$25:$I$28
Name ________AFC5: [7]INV!$K$25:$N$28
Name ________BGC1: [7]INV!$A$5:$D$8
Name ________BGC3: [7]INV!$F$5:$I$8
Name ________BGC5: [7]INV!$K$5:$N$8
Name ________CAC1: [7]INV!$A$19:$D$22
Name ________CAC3: [7]INV!$F$19:$I$22
Name ________CAC5: [7]INV!$K$19:$N$22
Name ________MA2: #REF!
Name ________MA2: #REF!
Name ________PJ50: #REF!
Name ________PJ50: #REF!
Name ________SBC1: [7]INV!$A$12:$D$15
Name ________SBC3: [7]INV!$F$12:$I$15
Name ________SBC5: [7]INV!$K$12:$N$15
Name _______AFC1: [7]INV!$A$25:$D$28
Name _______AFC3: [7]INV!$F$25:$I$28
Name _______AFC5: [7]INV!$K$25:$N$28
Name _______BGC1: [7]INV!$A$5:$D$8

Sheet PRESUPUESTO OFICIAL (Entidad)
C3: Formulario 1 - Propuesta económica - Documento tipo de selección abreviada de menor cuantía - versión 1
C4: Versión: 1 del 21 de agosto de 2025
C9: FORMULARIO 1
C10: PRESUPUESTO OFICIAL
C11: [La entidad puede utilizar este formulario de detalle del presupuesto oficial para determinar las condiciones bajo las cuales los proponentes analizarán y presentarán su propuesta económica de forma detallada, sin perjuicio que la entidad pueda modificarlo o establecer la presentación de la oferta económica con un formulario distinto al indicado.]
C13: Adicionalmente, cuando el proceso de contratación es estructurado por precios unitarios, la Entidad debe aplicar las notas 1, 2 y 3 del presente formulario y las casillas de "Descripción", "Porcentaje" de la Administración, Imprevisto, Utilidad y total A.I.U. resaltadas en colo amarillo. Tratándose de otras modalidades de precio, la Entidad puede o no configurar los mismos aspectos.
C14: Nº | D14: ITEM DE PAGO | E14: DESCRIPCION | F14: UND. | G14: CANTIDAD | H14: VALOR UNITARIO | I14: VALOR TOTAL
C16: 1 | D16: EXCAVACIONES
D17: 1.01 | E17: Excavaciones a mano en material común para cimentación (Incluye retiro) | F17: M3 | G17: =+'MEMORIA DE CANTIDADES'!J15 -> 77.05 | H17: =+'INDICAR CÓDIGO DEL ITEM DE PAGO'!O66 -> 43497 | I17: =+ROUND(H17*G17,2) -> 3351443.9
C18: Subtotal | I18: =SUM(I17) -> 3351443.9
C19: 2 | D19: CIMENTACIÓN
D20: 2.01 | E20: Concreto de 3000 psi (210 kg/cm²) para Cimentación | F20: M3 | G20: =+'MEMORIA DE CANTIDADES'!J25 -> 5.7 | H20: =+'INDICAR CÓDIGO DEL ITEM DE PAGO'!O147 -> 1110487.7 | I20: =+ROUND(H20*G20,2) -> 6329779.8
D21: 2.02 | E21: Concreto ciclópeo de 0.30x0.20 de 3000 psi. (210kg/cm²) | F21: M3 | G21: =+'MEMORIA DE CANTIDADES'!J37 -> 3.9 | H21: =+'INDICAR CÓDIGO DEL ITEM DE PAGO'!O227 -> 748512.18 | I21: =+ROUND(H21*G21,2) -> 2919197.5
D22: 2.03 | E22: Placa contrapiso de 0.08 m concreto 3000 psi (210kg/cm²) (Incluye refuerzo malla electrosoldada) | F22: M2 | G22: =+'MEMORIA DE CANTIDADES'!J48 -> 22.6 | H22: =+'INDICAR CÓDIGO DEL ITEM DE PAGO'!O308 -> 117439.2 | I22: =+ROUND(H22*G22,2) -> 2654125.9
D23: 2.04 | E23: Relleno con material seleccionado compactado con rana | F23: M3 | G23: =+'MEMORIA DE CANTIDADES'!J59 -> 5.2 | H23: =+'INDICAR CÓDIGO DEL ITEM DE PAGO'!O388 -> 96791.76 | I23: =+ROUND(H23*G23,2) -> 503317.15
D24: 2.05 | E24: Acero de refuerzo 60.000 psi (4200kg/cm²) para cimentación | F24: KG | G24: =+'MEMORIA DE CANTIDADES'!J70 -> 823.8 | H24: =+'INDICAR CÓDIGO DEL ITEM DE PAGO'!O468 -> 13173.71 | I24: =+ROUND(H24*G24,2) -> 10852502
C25: Subtotal | I25: =SUM(I20:I24) -> 23258923
C26: 3 | D26: MAMPOSTERIA
D27: 3.01 | E27: Muro en bloque h-10 o h-9 | F27: M2 | G27: =+'MEMORIA DE CANTIDADES'!J83 -> 125.37 | H27: =+'INDICAR CÓDIGO DEL ITEM DE PAGO'!O546 -> 55989.09 | I27: =+ROUND(H27*G27,2) -> 7019352.2
C28: Subtotal | I28: =SUM(I27) -> 7019352.2
C29: 4 | D29: ESTRUCTURA EN CONCRETO
D30: 4.01 | E30: Viga de amarre superior para caseta (0.12X0.20m); concreto 3000 psi (210kg/cm²), reforzada con 4 varillas de 3/8", estribos de 1/4". | F30: ML | G30: =+'MEMORIA DE CANTIDADES'!J95 -> 71.2 | H30: =+'INDICAR CÓDIGO DEL ITEM DE PAGO'!O633 -> 65091.8 | I30: =+ROUND(H30*G30,2) -> 4634536.2
D31: 4.02 | E31: Concreto de 3000 psi (210kg/cm²) para Columnetas de confinamiento y columna Tanque elevado | F31: M3 | G31: =+'MEMORIA DE CANTIDADES'!J107 -> 3.27 | H31: =+'INDICAR CÓDIGO DEL ITEM DE PAGO'!O714 -> 1110487.7 | I31: =+ROUND(H31*G31,2) -> 3631294.7
D32: 4.03 | E32: Acero de refuerzo 60.000 psi (4200kg/cm²) para estructura | F32: KG | G32: =+'MEMORIA DE CANTIDADES'!J119 -> 598.82 | H32: =+'INDICAR CÓDIGO DEL ITEM DE PAGO'!O794 -> 13173.71 | I32: =+ROUND(H32*G32,2) -> 7888681
D33: 4.04 | E33: Placa maciza de e=0.10m concreto 3000 psi (210kg/cm²). Soporte tanque elevado | F33: M2 | G33: =+'MEMORIA DE CANTIDADES'!J130 -> 6.67 | H33: =+'INDICAR CÓDIGO DEL ITEM DE PAGO'!O875 -> 188150.4 | I33: =+ROUND(H33*G33,2) -> 1254963.2
C34: Subtotal | I34: =SUM(I30:I33) -> 17409475
C35: 5 | D35: CUBIERTA
D36: 5.01 | E36: Cubierta fibrocemento, incluye perfil en C PHR C 100x50x15 (1.2mm), pintura de protección | F36: M2 | G36: =+'MEMORIA DE CANTIDADES'!J141 -> 48 | H36: =+'INDICAR CÓDIGO DEL ITEM DE PAGO'!O959 -> 194878.49 | I36: =+ROUND(H36*G36,2) -> 9354167.5
C37: Subtotal | I37: =SUM(I36) -> 9354167.5
C38: 6 | D38: INSTALACIONES SANITARIAS
D39: 6.01 | E39: Suministro e instalación de combo sanitario, (incluye inodoro, lavamanos jabonera, toallero, ducha) | F39: UND | G39: =+'MEMORIA DE CANTIDADES'!J152 -> 10 | H39: =+'INDICAR CÓDIGO DEL ITEM DE PAGO'!O1039 -> 733313.39 | I39: =+ROUND(H39*G39,2) -> 7333133.9
D40: 6.02 | E40: Suministro e instalación de Tubería sanitaria de 4" | F40: ML | G40: =+'MEMORIA DE CANTIDADES'!J164 -> 39 | H40: =+'INDICAR CÓDIGO DEL ITEM DE PAGO'!O1120 -> 35131.17 | I40: =+ROUND(H40*G40,2) -> 1370115.6
D41: 6.03 | E41: Punto sanitario de 4" Sanitario | F41: UND | G41: =+'MEMORIA DE CANTIDADES'!J176 -> 10 | H41: =+'INDICAR CÓDIGO DEL ITEM DE PAGO'!O1203 -> 20260.8 | I41: =+ROUND(H41*G41,2) -> 202608
D42: 6.04 | E42: Suministro e instalación de Tubería sanitaria de 2" | F42: ML | G42: =+'MEMORIA DE CANTIDADES'!J190 -> 30 | H42: =+'INDICAR CÓDIGO DEL ITEM DE PAGO'!O1284 -> 20182.77 | I42: =+ROUND(H42*G42,2) -> 605483.1
D43: 6.05 | E43: Punto sanitario de 2" Lavamanos, Ducha y piso | F43: UND | G43: =+'MEMORIA DE CANTIDADES'!J201 -> 30 | H43: =+'INDICAR CÓDIGO DEL ITEM DE PAGO'!O1367 -> 10405.8 | I43: =+ROUND(H43*G43,2) -> 312174
C44: Subtotal | I44: =SUM(I39:I43) -> 9823514.6
C45: 7 | D45: INSTALACIONES HIDRAULICAS
D46: 7.01 | E46: Suministro e instalación de Red de suministro PVC 1/2" | F46: ML | G46: =+'MEMORIA DE CANTIDADES'!J211 -> 80 | H46: =+'INDICAR CÓDIGO DEL ITEM DE PAGO'!O1448 -> 8232.99 | I46: =+ROUND(H46*G46,2) -> 658639.2
D47: 7.02 | E47: Punto hidráulico sanitario, ducha, lavamanos y tanque | F47: UND | G47: =+'MEMORIA DE CANTIDADES'!J220 -> 40 | H47: =+'INDICAR CÓDIGO DEL ITEM DE PAGO'!O1529 -> 7487.51 | I47: =+ROUND(H47*G47,2) -> 299500.4
D48: 7.03 | E48: Tanque PVC o plástico, 500 litros (normalizado) incluye accesorios necesarios para buen funcionamiento | F48: UND | G48: =+'MEMORIA DE CANTIDADES'!J232 -> 10 | H48: =+'INDICAR CÓDIGO DEL ITEM DE PAGO'!O1611 -> 694274.64 | I48: =+ROUND(H48*G48,2) -> 6942746.4
C49: Subtotal | I49: =SUM(I46:I48) -> 7900886
C50: 8 | D50: ACABADOS
D51: 8.01 | E51: Friso liso sobre muro | F51: M2 | G51: =+'MEMORIA DE CANTIDADES'!J249 -> 296.06 | H51: =+'INDICAR CÓDIGO DEL ITEM DE PAGO'!O1689 -> 50514.57 | I51: =+ROUND(H51*G51,2) -> 14955344
D52: 8.02 | E52: Pintura en vinilo para muros (3 manos) | F52: M2 | G52: =+'MEMORIA DE CANTIDADES'!J266 -> 216 | H52: =+'INDICAR CÓDIGO DEL ITEM DE PAGO'!O1767 -> 35400.92 | I52: =+ROUND(H52*G52,2) -> 7646598.7
D53: 8.03 | E53: Enchape cerámica blanco 20x20 cm | F53: M2 | G53: =+'MEMORIA DE CANTIDADES'!J277 -> 72.24 | H53: =+'INDICAR CÓDIGO DEL ITEM DE PAGO'!O1845 -> 55237.82 | I53: =+ROUND(H53*G53,2) -> 3990380.1
C54: Subtotal | I54: =SUM(I51:I53) -> 26592322
C55: 9 | D55: CARPINTERIA METALICA
D56: 9.01 | E56: Suministro e Instalación de Puerta Metálica en lamina galvanizada Cold Rolled calibre 22 de 0.7x2.0m. Incluye marco, pintura en aceite, bisagras, pasador. | F56: UND | G56: =+'MEMORIA DE CANTIDADES'!J289 -> 10 | H56: =+'INDICAR CÓDIGO DEL ITEM DE PAGO'!O1923 -> 437944.86 | I56: =+ROUND(H56*G56,2) -> 4379448.6
D57: 9.02 | E57: Suministro e Instalación de ventana celosia 0.5x0.2m | F57: UND | G57: =+'MEMORIA DE CANTIDADES'!J301 -> 10 | H57: =+'INDICAR CÓDIGO DEL ITEM DE PAGO'!O2001 -> 182790.81 | I57: =+ROUND(H57*G57,2) -> 1827908.1
C58: Subtotal | I58: =SUM(I56:I57) -> 6207356.7
C59: 10 | D59: INSTALACIONES ELECTRICAS
D60: 10.01 | E60: Salida lampara de muro | F60: UND | G60: =+'MEMORIA DE CANTIDADES'!J310 -> 10 | H60: =+'INDICAR CÓDIGO DEL ITEM DE PAGO'!O2087 -> 75592.21 | I60: =+ROUND(H60*G60,2) -> 755922.1
D61: 10.02 | E61: Punto eléctrico interruptor doble | F61: UND | G61: =+'MEMORIA DE CANTIDADES'!J320 -> 10 | H61: =+'INDICAR CÓDIGO DEL ITEM DE PAGO'!O2170 -> 89393.69 | I61: =+ROUND(H61*G61,2) -> 893936.9
D62: 10.03 | E62: Conexión circuito eléctrico existente en la vivienda | F62: ML | G62: =+'MEMORIA DE CANTIDADES'!J328 -> 100 | H62: =+'INDICAR CÓDIGO DEL ITEM DE PAGO'!O2248 -> 34037.42 | I62: =+ROUND(H62*G62,2) -> 3403742
C63: Subtotal | I63: =SUM(I60:I62) -> 5053601
C64: 11 | D64: CONSTRUCCION SISTEMA SEPTICO
D65: 11.01 | E65: Construcción trampa de grasas | F65: UND | G65: =+'MEMORIA DE CANTIDADES'!$J$339 -> 10 | H65: =+'INDICAR CÓDIGO DEL ITEM DE PAGO'!O2331 -> 280130.58 | I65: =+ROUND(H65*G65,2) -> 2801305.8
D66: 11.02 | E66: Construcción tanque séptico | F66: UND | G66: =+'MEMORIA DE CANTIDADES'!$J$349 -> 10 | H66: =+'INDICAR CÓDIGO DEL ITEM DE PAGO'!O2418 -> 2087532.9 | I66: =+ROUND(H66*G66,2) -> 20875329
D67: 11.03 | E67: Construcción filtro anaerobio FAFA | F67: UND | G67: =+'MEMORIA DE CANTIDADES'!$J$360 -> 10 | H67: =+'INDICAR CÓDIGO DEL ITEM DE PAGO'!O2503 -> 624440.23 | I67: =+ROUND(H67*G67,2) -> 6244402.3
D68: 11.04 | E68: Lecho Filtrante. Medio Sintético Plástico Filtrante (Rosetón) Polipropileno. Superficie específica >= 100 m2/m3. Liviano peso <=40kg/M3. | F68: M3 | G68: =+'MEMORIA DE CANTIDADES'!J374 -> 9.5 | H68: =+'INDICAR CÓDIGO DEL ITEM DE PAGO'!O2582 -> 450469.62 | I68: =+ROUND(H68*G68,2) -> 4279461.4
D69: 11.05 | E69: Campo de infiltración, tubería de drenajes PVC 3” y 2”, incluye excavación y relleno material gravas o piedras limpias | F69: UND | G69: =+'MEMORIA DE CANTIDADES'!J387 -> 10 | H69: =+'INDICAR CÓDIGO DEL ITEM DE PAGO'!O2668 -> 368050.08 | I69: =+ROUND(H69*G69,2) -> 3680500.8
C70: Subtotal | I70: =SUM(I65:I69) -> 37880999
C71: SUBTOTAL OBRAS (INCLUYE IVA) | I71: =+I70+I58+I54+I49+I44+I37+I34+I28+I25+I18+I63 -> 1.5385204e+08
C73: VALOR TOTAL | I73: =+I71 -> 1.5385204e+08
C76: NOTA 1: Se debe tener en cuenta que el PRECIO UNITARIO incluye el valor de A.I.U. | F76: DESCRIPCION | I76: PORCENTAJE
C77: NOTA 2: Cuando la fracción decimal del peso sea igual o superior a 5 se aproximara por exceso al número entero siguiente del peso y cuando la fracción decimal del peso sea inferior a 5 se aproximará por defecto al número entero del peso. | F77: ADMINISTRACION | H77: A= | I77: 0.29
C78: NOTA 3: El A.I.U y su discriminación deben estar en porcentaje (%). | F78: IMPREVISTO | H78: I= | I78: 0.01
F79: UTILIDAD | H79: U= | I79: 0.05
C80: ING. JAIRO ANDRES QUINTERO PEÑALOZA | F80: TOTAL A.I.U | H80: A.I.U.= | I80: =+I79+I78+I77 -> 0.35
C81: Secretario de Infraestructura y Obras Públicas

Sheet MEMORIA DE CANTIDADES
B1: NOMBRE PROYECTO: CONSTRUCCIÓN DE UNIDADES SANITARIAS PARA VIVIENDA RURAL DISPERSA
I2: CANTIDAD | J2: 10
I3: FECHA | J3: 46175
B4: MEMORIA DE CALCULO DE LAS CANTIDADES DE OBRA POR UNIDAD SANITARIA
B5: =+'PRESUPUESTO OFICIAL (Entidad)'!D17 -> 1.01 | C5: =+'PRESUPUESTO OFICIAL (Entidad)'!E17 -> Excavaciones a mano en material común para cimentación (Incluye retiro) | I5: UND: | J5: =+'PRESUPUESTO OFICIAL (Entidad)'!F17 -> M3
C7: Excavacion para cimientos | E7: Longitud | F7: Ancho | G7: Profundidad | H7: Subtotal por unidad | I7: NUMERO DE UNIDADES SANITARIAS A CONSTRUIR | J7: SUBTOTAL
E8: m. | F8: m. | G8: m. | H8: =+J5 -> M3 | I8: UND | J8: =+J5 -> M3
C9: Zapata Z1 | E9: 0.9 | F9: 0.9 | G9: 1.06 | H9: =ROUND((+E9*F9*G9),2) -> 0.86 | I9: =+$J$2 -> 10 | J9: =+H9*I9 -> 8.6
C10: Viga cimiento y ciclopeo | E10: 6.5 | F10: 0.3 | G10: 0.4 | H10: =ROUND((+E10*F10*G10),2) -> 0.78 | I10: =+$J$2 -> 10 | J10: =+H10*I10 -> 7.8
C11: Piso | E11: 2.12 | F11: 1.44 | G11: 0.2 | H11: =ROUND((+E11*F11*G11),2) -> 0.61 | I11: =+$J$2 -> 10 | J11: =+H11*I11 -> 6.1
C12: Trampa de grasa | E12: 0.6 | F12: 0.6 | G12: 1.25 | H12: =+E12*F12*G12 -> 0.45 | I12: =+$J$2 -> 10 | J12: =+H12*I12 -> 4.5
C13: Pozo septico y fafa | E13: 2.5 | F13: 1.1 | G13: 1.82 | H13: =+E13*F13*G13 -> 5.005 | I13: =+$J$2 -> 10 | J13: =+H13*I13 -> 50.05
G15: TOTAL UND: | H15: =ROUND(SUM(H9:H14),2) -> 7.71 | I15: TOTAL: | J15: =ROUND(SUM(J9:J14),2) -> 77.05
B17: =+'PRESUPUESTO OFICIAL (Entidad)'!D20 -> 2.01 | C17: =+'PRESUPUESTO OFICIAL (Entidad)'!E20 -> Concreto de 3000 psi (210 kg/cm²) para Cimentación | I17: UND: | J17: m3
C18: Viga cimientos | E18: Longitud | F18: Ancho | G18: Profundidad | H18: Subtotal por unidad | I18: NUMERO DE UNIDADES SANITARIAS A CONSTRUIR | J18: SUBTOTAL
E19: m. | F19: m. | G19: m. | H19: =+J17 -> m3 | I19: UND | J19: =+J17 -> m3
C20: Zapata Z1 | E20: 0.9 | F20: 0.9 | G20: 0.3024 | H20: =+ROUND((E20*F20*G20),2) -> 0.24 | I20: =+$J$2 -> 10 | J20: =+H20*I20 -> 2.4
C21: Viga cimiento | E21: 6.5 | F21: 0.25 | G21: 0.2 | H21: =ROUND((+E21*F21*G21),2) -> 0.33 | I21: =+$J$2 -> 10 | J21: =+H21*I21 -> 3.3
G25: TOTAL UND: | H25: =ROUND(SUM(H20:H24),2) -> 0.57 | I25: TOTAL: | J25: =ROUND(SUM(J20:J24),2) -> 5.7
B28: =+'PRESUPUESTO OFICIAL (Entidad)'!D21 -> 2.02 | C28: =+'PRESUPUESTO OFICIAL (Entidad)'!E21 -> Concreto ciclópeo de 0.30x0.20 de 3000 psi. (210kg/cm²) | I28: UND: | J28: m3
C29: Levante en bloque 0.15 | E29: Longitud | F29: Ancho | G29: Profundidad | H29: Subtotal por unidad | I29: NUMERO DE UNIDADES SANITARIAS A CONSTRUIR | J29: SUBTOTAL
E30: m. | F30: m. | G30: m. | H30: =+J28 -> m3 | I30: UND | J30: =+J28 -> m3
C31: Viga Ciclópeo | E31: 6.5 | F31: 0.3 | G31: 0.2 | H31: =+ROUND((E31*F31*G31),2) -> 0.39 | I31: =+$J$2 -> 10 | J31: =+H31*I31 -> 3.9
G37: TOTAL UND: | H37: =ROUND(SUM(H31:H36),2) -> 0.39 | I37: TOTAL: | J37: =ROUND(SUM(J31:J36),2) -> 3.9
B39: =+'PRESUPUESTO OFICIAL (Entidad)'!D22 -> 2.03 | C39: =+'PRESUPUESTO OFICIAL (Entidad)'!E22 -> Placa contrapiso de 0.08 m concreto 3000 psi (210kg/cm²) (Incluye refuerzo malla electrosoldada) | I39: UND: | J39: =+'PRESUPUESTO OFICIAL (Entidad)'!F22 -> M2
C40: =+C39 -> Placa contrapiso de 0.08 m concreto 3000 psi (210kg/cm²) (Incluye refuerzo malla electrosoldada) | E40: Longitud | F40: Ancho | H40: Subtotal por unidad | I40: NUMERO DE UNIDADES SANITARIAS A CONSTRUIR | J40: SUBTOTAL
E41: m. | F41: m. | H41: =+J39 -> M2 | I41: UND | J41: =+J39 -> M2
C42: Piso interno | E42: 1.88 | F42: 1.2 | H42: =ROUND((+E42*F42),2) -> 2.26 | I42: =+$J$2 -> 10 | J42: =+H42*I42 -> 22.6
G48: TOTAL UND: | H48: =ROUND(SUM(H42:H47),2) -> 2.26 | I48: TOTAL: | J48: =ROUND(SUM(J42:J47),2) -> 22.6
B50: =+'PRESUPUESTO OFICIAL (Entidad)'!D23 -> 2.04 | C50: =+'PRESUPUESTO OFICIAL (Entidad)'!E23 -> Relleno con material seleccionado compactado con rana | I50: UND: | J50: =+'PRESUPUESTO OFICIAL (Entidad)'!F23 -> M3
C51: =+C50 -> Relleno con material seleccionado compactado con rana | E51: Longitud | F51: Ancho | G51: Profundidad | H51: Subtotal por unidad | I51: NUMERO DE UNIDADES SANITARIAS A CONSTRUIR | J51: SUBTOTAL
E52: m. | F52: m. | G52: m. | H52: =+J50 -> M3 | I52: UND | J52: =+J50 -> M3
C53: Piso interno | E53: 1.88 | F53: 1.38 | G53: 0.2 | H53: =ROUND((+E53*F53*G53),2) -> 0.52 | I53: =+$J$2 -> 10 | J53: =+H53*I53 -> 5.2
G59: TOTAL UND: | H59: =ROUND(SUM(H53:H58),2) -> 0.52 | I59: TOTAL: | J59: =ROUND(SUM(J53:J58),2) -> 5.2
B61: =+'PRESUPUESTO OFICIAL (Entidad)'!D24 -> 2.05 | C61: =+'PRESUPUESTO OFICIAL (Entidad)'!E24 -> Acero de refuerzo 60.000 psi (4200kg/cm²) para cimentación | I61: UND: | J61: =+'PRESUPUESTO OFICIAL (Entidad)'!F24 -> KG
C62: =+C61 -> Acero de refuerzo 60.000 psi (4200kg/cm²) para cimentación | E62: Longitud | F62: # | G62: Peso | H62: Subtotal por unidad | I62: NUMERO DE UNIDADES SANITARIAS A CONSTRUIR | J62: SUBTOTAL
E63: m. | F63: UND | G63: kg | H63: =+J61 -> KG | I63: UND | J63: =+J61 -> KG
C64: Zapata Z1 | E64: 1.06 | F64: 10 | G64: 0.99 | H64: =+E64*F64*G64 -> 10.494 | I64: =+$J$2 -> 10 | J64: =+G64*E64*F64*I64 -> 104.94
C65: Viga cimiento Longitudinal | E65: 10.42 | F65: 4 | G65: 0.99 | H65: =+E65*F65*G65 -> 41.2632 | I65: =+$J$2 -> 10 | J65: =+H65*I65 -> 412.632
C66: Viga cimiento Transversal | E66: 0.58 | F66: =20+22+42 -> 84 | G66: 0.56 | H66: =+E66*F66*G66 -> 27.2832 | I66: =+$J$2 -> 10 | J66: =+H66*I66 -> 272.832
C67: Piso interno(L=1.88m) | E67: 1.38 | F67: 8 | G67: 0.2 | H67: =ROUND((+E67*F67*G67),2) -> 2.21 | I67: =+$J$2 -> 10 | J67: =+H67*I67 -> 22.1
C68: Piso interno(L=1.38m) | E68: 1.88 | F68: 3 | G68: =+G67 -> 0.2 | H68: =ROUND((+E68*F68*G68),2) -> 1.13 | I68: =+$J$2 -> 10 | J68: =+H68*I68 -> 11.3
G70: TOTAL UND: | H70: =ROUND(SUM(H64:H69),2) -> 82.38 | I70: TOTAL: | J70: =ROUND(SUM(J64:J69),2) -> 823.8
B72: =+'PRESUPUESTO OFICIAL (Entidad)'!D27 -> 3.01 | C72: =+'[258]PPTO UNIDAD SANT'!C18 -> Levante en muro en bloque 0.09 en concreto | I72: UND: | J72: =+'[258]PPTO UNIDAD SANT'!D18 -> m2
C73: Levante en muro en bloque 0.09 arena cemento | E73: Alto | F73: Ancho | H73: Subtotal por unidad | I73: NUMERO DE UNIDADES SANITARIAS A CONSTRUIR | J73: SUBTOTAL
E74: m. | F74: m. | H74: =+J72 -> m2 | I74: UND | J74: =+J72 -> m2
C75: Fachada Frontal | E75: 2.2 | F75: 1.04 | H75: =+E75*F75 -> 2.288 | I75: =+$J$2 -> 10 | J75: =+H75*I75 -> 22.88 | K75: 6.01
C76: Fachada Posterior | E76: 2.2 | F76: 1.12 | H76: =+E76*F76 -> 2.464 | I76: =+$J$2 -> 10 | J76: =+H76*I76 -> 24.64 | K76: 9.14
C77: Fachada Posterior cuchilla | E77: 0.5 | F77: 1.1 | H77: =+E77*F77 -> 0.55 | I77: =+$J$2 -> 10 | J77: =+H77*I77 -> 5.5
C78: Fachada lateral derecha | E78: 2.1 | F78: 1.2 | H78: =+E78*F78 -> 2.52 | I78: =+$J$2 -> 10 | J78: =+H78*I78 -> 25.2 | K78: 63.15
C79: Fachada lateral derecha cuchilla | E79: 2.12 | F79: 0.2 | H79: =+E79*F79 -> 0.424 | I79: =+$J$2 -> 10 | J79: =+H79*I79 -> 4.24
C80: Fachada lateral Izquierda | E80: 2.1 | F80: 1.8 | H80: =+E80*F80 -> 3.78 | I80: =+$J$2 -> 10 | J80: =+H80*I80 -> 37.8 | K80: 160.82
C81: Fachada lateral Izquierda cuchilla | E81: 2.12 | F81: 0.3 | H81: =+E81*F81 -> 0.636 | I81: =+$J$2 -> 10 | J81: =+H81*I81 -> 6.36 | K81: 644.81
C82: Fachada lateral Izquierda ventana | E82: -0.25 | F82: 0.5 | H82: =+E82*F82 -> -0.125 | I82: =+$J$2 -> 10 | J82: =+H82*I82 -> -1.25 | K82: 63.61
G83: TOTAL UND: | H83: =ROUND(SUM(H75:H82),2) -> 12.54 | I83: TOTAL: | J83: =ROUND(SUM(J75:J82),2) -> 125.37
B86: =+'PRESUPUESTO OFICIAL (Entidad)'!D30 -> 4.01 | C86: =+'PRESUPUESTO OFICIAL (Entidad)'!E30 -> Viga de amarre superior para caseta (0.12X0.20m); concreto 3000 psi (210kg/cm²), reforzada con 4 varillas de 3/8", estribos de 1/4". | I86: UND: | J86: =+'PRESUPUESTO OFICIAL (Entidad)'!F30 -> ML
C87: Viga de amarre superior | E87: Longitud | F87: Ancho | G87: Profundidad | H87: Subtotal por unidad | I87: NUMERO DE UNIDADES SANITARIAS A CONSTRUIR | J87: SUBTOTAL
E88: m. | F88: m. | G88: m. | H88: =+J86 -> ML | I88: UND | J88: =+J86 -> ML
C89: Viga de Amarre | E89: 7.12 | H89: =+E89 -> 7.12 | I89: =+$J$2 -> 10 | J89: =+H89*I89 -> 71.2
G95: TOTAL UND: | H95: =ROUND(SUM(H89:H94),2) -> 7.12 | I95: TOTAL: | J95: =ROUND(SUM(J89:J94),2) -> 71.2 | Q95: =+J95*900 -> 64080
B98: =+'PRESUPUESTO OFICIAL (Entidad)'!D31 -> 4.02 | C98: =+'PRESUPUESTO OFICIAL (Entidad)'!E31 -> Concreto de 3000 psi (210kg/cm²) para Columnetas de confinamiento y columna Tanque elevado | I98: UND: | J98: =+'PRESUPUESTO OFICIAL (Entidad)'!F31 -> M3
C99: =+C98 -> Concreto de 3000 psi (210kg/cm²) para Columnetas de confinamiento y columna Tanque elevado | E99: largo | F99: Ancho | G99: Alto | H99: Subtotal por unidad | I99: NUMERO DE UNIDADES SANITARIAS A CONSTRUIR | J99: SUBTOTAL
E100: m. | F100: m. | G100: m. | H100: =+J98 -> M3 | I100: UND | J100: =+J98 -> M3
C101: CT1 | E101: 0.25 | F101: 0.25 | G101: 2.82 | H101: =+E101*F101*G101 -> 0.17625 | I101: =+$J$2 -> 10 | J101: =+H101*I101 -> 1.7625
C102: CT2 x3 | E102: 0.12 | F102: 0.2 | G102: 2.1 | H102: =+E102*F102*G102*3 -> 0.1512 | I102: =+$J$2 -> 10 | J102: =+H102*I102 -> 1.512
G107: TOTAL UND: | H107: =ROUND(SUM(H101:H106),2) -> 0.33 | I107: TOTAL: | J107: =ROUND(SUM(J101:J106),2) -> 3.27 | Q107: =+J107*900 -> 2943
B110: =+'PRESUPUESTO OFICIAL (Entidad)'!D32 -> 4.03 | C110: =+'PRESUPUESTO OFICIAL (Entidad)'!E32 -> Acero de refuerzo 60.000 psi (4200kg/cm²) para estructura | I110: UND: | J110: =+'PRESUPUESTO OFICIAL (Entidad)'!F32 -> KG
C111: =+C110 -> Acero de refuerzo 60.000 psi (4200kg/cm²) para estructura | E111: largo | F111: # | G111: PESO | H111: Subtotal por unidad | I111: NUMERO DE UNIDADES SANITARIAS A CONSTRUIR | J111: SUBTOTAL
E112: m. | F112: UND | G112: kg/m | H112: =+J110 -> KG | I112: UND | J112: =+J110 -> KG
C113: CT1 Longitudinal | E113: 2.7 | F113: 4 | G113: 0.99 | H113: =+E113*F113*G113 -> 10.692 | I113: =+$J$2 -> 10 | J113: =+H113*I113 -> 106.92
C114: CT1 Transversal | E114: 1 | F114: 30 | G114: 0.56 | H114: =+E114*F114*G114 -> 16.8 | I114: =+$J$2 -> 10 | J114: =+H114*I114 -> 168
C115: CT2 x3 Longitudinal | E115: 2.3 | F115: 4 | G115: 0.56 | H115: =+E115*F115*G115*3 -> 15.456 | I115: =+$J$2 -> 10 | J115: =+H115*I115 -> 154.56
C116: CT2 x3 Transversal | E116: 0.56 | F116: 18 | G116: 0.56 | H116: =+E116*F116*G116*3 -> 16.9344 | I116: =+$J$2 -> 10 | J116: =+H116*I116 -> 169.344
G119: TOTAL UND: | H119: =ROUND(SUM(H113:H118),2) -> 59.88 | I119: TOTAL: | J119: =ROUND(SUM(J113:J118),2) -> 598.82 | Q119: =+J119*900 -> 538938
B121: =+'PRESUPUESTO OFICIAL (Entidad)'!D33 -> 4.04 | C121: =+'PRESUPUESTO OFICIAL (Entidad)'!E33 -> Placa maciza de e=0.10m concreto 3000 psi (210kg/cm²). Soporte tanque elevado | I121: UND: | J121: =+'PRESUPUESTO OFICIAL (Entidad)'!F33 -> M2
C122: =+C121 -> Placa maciza de e=0.10m concreto 3000 psi (210kg/cm²). Soporte tanque elevado | E122: Largo | F122: Ancho | G122: altura | H122: Subtotal por unidad | I122: NUMERO DE UNIDADES SANITARIAS A CONSTRUIR | J122: SUBTOTAL
E123: m. | F123: m. | G123: m | H123: =+J121 -> M2 | I123: UND | J123: =+J121 -> M2
C124: Placa Tanque elevado | E124: 0.8 | F124: 0.8 | G124: 0.1 | H124: =+E124*F124 -> 0.64 | I124: =+$J$2 -> 10 | J124: =+H124*I124 -> 6.4
C125: Ménsula | E125: 0.53 | F125: 0.53 | G125: 0.05 | H125: =+((E125+F125)*G125/2) -> 0.0265 | I125: =+$J$2 -> 10 | J125: =+H125*I125 -> 0.265
G130: TOTAL: | H130: =ROUND(SUM(H124:H129),2) -> 0.67 | I130: TOTAL: | J130: =ROUND(SUM(J124:J129),2) -> 6.67
B133: =+'PRESUPUESTO OFICIAL (Entidad)'!D36 -> 5.01 | C133: =+'PRESUPUESTO OFICIAL (Entidad)'!E36 -> Cubierta fibrocemento, incluye perfil en C PHR C 100x50x15 (1.2mm), pintura de protección | I133: UND: | J133: =+'PRESUPUESTO OFICIAL (Entidad)'!F36 -> M2
C134: =+C133 -> Cubierta fibrocemento, incluye perfil en C PHR C 100x50x15 (1.2mm), pintura de protección | E134: Largo | F134: Ancho | H134: Subtotal por unidad | I134: NUMERO DE UNIDADES SANITARIAS A CONSTRUIR | J134: SUBTOTAL
E135: m. | F135: m. | H135: =+J133 -> M2 | I135: UND | J135: =+J133 -> M2
C136: Unidad Sanitaria | E136: 3 | F136: 1.6 | H136: =+E136*F136 -> 4.8 | I136: =+$J$2 -> 10 | J136: =+H136*I136 -> 48
P138: Fachada Frontal | R138: 2.1 | S138: 1.24 | U138: =+R138*S138 -> 2.604
P139: Fachada Posterior | R139: 2.1 | S139: 1.16 | U139: =+R139*S139 -> 2.436
P140: Fachada Posterior cuchilla | R140: 0.5 | S140: 1.36 | U140: =+R140*S140 -> 0.68
G141: TOTAL UND: | H141: =ROUND(SUM(H136:H140),2) -> 4.8 | I141: TOTAL: | J141: =ROUND(SUM(J136:J140),2) -> 48 | P141: Fachada lateral derecha | R141: 2.1 | S141: 0.87 | U141: =+R141*S141 -> 1.827
P142: Fachada lateral derecha cuchilla | R142: 2.31 | S142: 0.2 | U142: =+R142*S142 -> 0.462
B144: =+'PRESUPUESTO OFICIAL (Entidad)'!D39 -> 6.01 | C144: =+'PRESUPUESTO OFICIAL (Entidad)'!E39 -> Suministro e instalación de combo sanitario, (incluye inodoro, lavamanos jabonera, toallero, ducha) | I144: UND: | J144: =+'PRESUPUESTO OFICIAL (Entidad)'!F39 -> UND
C145: =+C144 -> Suministro e instalación de combo sanitario, (incluye inodoro, lavamanos jabonera, toallero, ducha) | E145: Unidad | H145: Subtotal por unidad | I145: NUMERO DE UNIDADES SANITARIAS A CONSTRUIR | J145: SUBTOTAL
E146: und | H146: =+J144 -> UND | I146: UND | J146: =+J144 -> UND
C147: Unidad Sanitaria | E147: 1 | H147: =+E147 -> 1 | I147: =+$J$2 -> 10 | J147: =+H147*I147 -> 10
P149: Fachada lateral Izquierda | R149: 2.1 | S149: 1.57 | U149: =+R149*S149 -> 3.297
P150: Fachada lateral Izquierda cuchilla | R150: 2.31 | S150: 0.2 | U150: =+R150*S150 -> 0.462
P151: Fachada lateral Izquierda ventana | R151: -0.25 | S151: 0.5 | U151: =+R151*S151 -> -0.125
G152: TOTAL UND: | H152: =ROUND(SUM(H147:H151),2) -> 1 | I152: TOTAL: | J152: =ROUND(SUM(J147:J151),0) -> 10
P154: Alberca | R154: 1.86 | S154: 0.8 | U154: =+R154*S154 -> 1.488
B155: =+'PRESUPUESTO OFICIAL (Entidad)'!D40 -> 6.02 | C155: =+'PRESUPUESTO OFICIAL (Entidad)'!E40 -> Suministro e instalación de Tubería sanitaria de 4" | I155: UND: | J155: =+'PRESUPUESTO OFICIAL (Entidad)'!F40 -> ML
C156: =+C155 -> Suministro e instalación de Tubería sanitaria de 4" | E156: Longitud | H156: Subtotal por unidad | I156: NUMERO DE UNIDADES SANITARIAS A CONSTRUIR | J156: SUBTOTAL
...

Sheet INDICAR CÓDIGO DEL ITEM DE PAGO
C3: Formulario 1 - Propuesta económica - Documento tipo de selección abreviada de menor cuantía
C4: Versión: 1 del 21 de agosto de 2025
E8: MUNICIPIO DE BARICHARA
L9: VERSIÓN
L11: PÁGINA | M11: 1 | N11: DE | O11: X
E13: ANALISIS DE PRECIOS UNITARIOS
L15: FECHA | M15: DD | N15: MM | O15: AA
M16: 2 | N16: 6 | O16: 2026
C20: DATOS ESPECÍFICOS
C22: ITEM | D22: DESCRIPCIÓN | M22: UNIDAD | O22: CANTIDAD
C23: =+'PRESUPUESTO OFICIAL (Entidad)'!D17 -> 1.01 | D23: =+'PRESUPUESTO OFICIAL (Entidad)'!E17 -> Excavaciones a mano en material común para cimentación (Incluye retiro) | M23: =+'PRESUPUESTO OFICIAL (Entidad)'!F17 -> M3 | O23: =+'PRESUPUESTO OFICIAL (Entidad)'!G17 -> 77.05
C24: I. EQUIPO
C27: DESCRIPCIÓN | H27: MARCA | J27: TIPO | L27: TARIFA/HORA | M27: RENDIMIENTO | O27: Vr. UNITARIO
C28: HERRAMIENTA MENOR | J28: % | L28: =+O54 -> 16200 | M28: 0.1 | O28: =+ROUND(L28*M28,2) -> 1620
C31: SUBTOTAL $ | O31: =SUM(O28:O30) -> 1620
C32: II. MATERIALES
C35: DESCRIPCIÓN | K35: UNIDAD | L35: CANTIDAD | M35: PRECIO UNIT. | O35: Vr. UNITARIO
C38: SUBTOTAL $ | O38: =SUM(O36:O37) -> 0
C39: III. TRANSPORTES
C42: MATERIAL | J42: VOL. o PESO | K42: DISTANCIA | L42: M3 o Ton/Km | M42: TARIFA | O42: Vr. UNITARIO
C43: Volqueta | J43: 1 | K43: 8 | L43: m3/km | M43: 1800 | O43: =M43*K43*J43 -> 14400
C45: SUBTOTAL $ | O45: =SUM(O43:O44) -> 14400
C46: IV. MANO DE OBRA
C49: TRABAJADOR | J49: JORNAL | K49: PRESTACIONES | L49: JORNAL TOTAL | M49: RENDIMIENTO | O49: Vr. UNITARIO
C50: M.O. 2 AYUDANTES | J50: 180000 | K50: 1.8 | L50: =ROUND(K50*J50,2) -> 324000 | M50: 20 | O50: =+ROUND(L50/M50,2) -> 16200
C54: SUBTOTAL $ | O54: =SUM(O50:O53) -> 16200
C56: TOTAL COSTO DIRECTO $ | O56: =ROUND(O54+O45+O38+O31,2) -> 32220
C57: V. COSTOS INDIRECTOS
C60: Descripción | L60: Porcentaje | M60: Valor Total
C61: ADMINISTRACION | L61: 0.29 | M61: =+ROUND(O56*L61,2) -> 9343.8
C62: IMPREVISTOS | L62: 0.01 | M62: =+ROUND(O56*L62,2) -> 322.2
C63: UTILIDAD | L63: 0.05 | M63: =+ROUND(O56*L63,2) -> 1611
C64: SUBTOTAL $ | O64: =SUM(M61:N63) -> 11277
C66: Precio Unitario Total Aproximado al peso $ | O66: =+O64+O56 -> 43497
H70: Elaboro
H73: ________________________________________________
H74: ING. JAIRO ANDRES QUINTERO PEÑALOZA
H75: Secretario de Infraestructura y Obras Públicas
C81: Formulario 1 - Propuesta económica - Documento tipo de selección abreviada de menor cuantía
C82: Versión: 1 del 21 de agosto de 2025
E86: MUNICIPIO DE BARICHARA
L87: VERSIÓN
L89: PÁGINA | M89: 2 | N89: DE | O89: =+$O$11 -> X
E91: ANALISIS DE PRECIOS UNITARIOS
L93: FECHA | M93: DD | N93: MM | O93: AA
M94: =+$M$16 -> 2 | N94: =+$N$16 -> 6 | O94: =+$O$16 -> 2026
C98: DATOS ESPECÍFICOS
C100: ITEM | D100: DESCRIPCIÓN | M100: UNIDAD | O100: CANTIDAD
C101: =+'PRESUPUESTO OFICIAL (Entidad)'!D20 -> 2.01 | D101: =+'PRESUPUESTO OFICIAL (Entidad)'!E20 -> Concreto de 3000 psi (210 kg/cm²) para Cimentación | M101: =+'PRESUPUESTO OFICIAL (Entidad)'!F20 -> M3 | O101: =+'PRESUPUESTO OFICIAL (Entidad)'!G20 -> 5.7
C102: I. EQUIPO
C105: DESCRIPCIÓN | H105: MARCA | J105: TIPO | L105: TARIFA/HORA | M105: RENDIMIENTO | O105: Vr. UNITARIO
C106: HERRAMIENTA MENOR | J106: % | L106: =+O135 -> 115200 | M106: 0.1 | O106: =+ROUND(L106*M106,2) -> 11520
C107: MEZCLADORA | J107: DIA | L107: 60000 | M107: 15 | O107: =+L107/M107 -> 4000
C108: VIBRADOR PARA CONCRETO | J108: DIA | L108: 40000 | M108: 15 | O108: =+L108/M108 -> 2666.6667
C109: SUBTOTAL $ | O109: =SUM(O106:O108) -> 18186.667
C110: II. MATERIALES
C113: DESCRIPCIÓN | K113: UNIDAD | L113: CANTIDAD | M113: PRECIO UNIT. | O113: Vr. UNITARIO
C114: Tabla burra ordinaria 30 cm * 2.2 cm * 2,7 m | K114: UND | L114: 0.5 | M114: 22000 | O114: =+M114*L114 -> 11000
C115: Puntilla 1-1/2- a 3-1/2" | K115: PQ | L115: 0.23 | M115: 4000 | O115: =+M115*L115 -> 920
C116: CONCRETO 3.000 PSI EN OBRA | K116: M3 | L116: 1.05 | M116: 600000 | O116: =+M116*L116 -> 630000
C117: Desperdicio | K117: % | L117: 0.04 | O117: =+(O114+O115+O116)*L117 -> 25676.8
C119: SUBTOTAL $ | O119: =SUM(O114:O118) -> 667596.8
C120: III. TRANSPORTES
C123: MATERIAL | J123: VOL. o PESO | K123: DISTANCIA | L123: M3 o Ton/Km | M123: TARIFA | O123: Vr. UNITARIO
C124: Volqueta | J124: 1 | K124: 12 | L124: m3/km | M124: 1800 | O124: =M124*K124*J124 -> 21600
C126: SUBTOTAL $ | O126: =SUM(O124:O125) -> 21600
C127: IV. MANO DE OBRA
C130: TRABAJADOR | J130: JORNAL | K130: PRESTACIONES | L130: JORNAL TOTAL | M130: RENDIMIENTO | O130: Vr. UNITARIO
C131: M.O. OFICIAL + 3 AYUDANTES | J131: 320000 | K131: 1.8 | L131: =ROUND(K131*J131,2) -> 576000 | M131: 5 | O131: =+ROUND(L131/M131,2) -> 115200
C135: SUBTOTAL $ | O135: =SUM(O131:O134) -> 115200
C137: TOTAL COSTO DIRECTO $ | O137: =ROUND(O135+O126+O119+O109,2) -> 822583.47
C138: V. COSTOS INDIRECTOS
C141: Descripción | L141: Porcentaje | M141: Valor Total
C142: ADMINISTRACION | L142: 0.29 | M142: =+ROUND(O137*L142,2) -> 238549.21
C143: IMPREVISTOS | L143: 0.01 | M143: =+ROUND(O137*L143,2) -> 8225.83
C144: UTILIDAD | L144: 0.05 | M144: =+ROUND(O137*L144,2) -> 41129.17
C145: SUBTOTAL $ | O145: =SUM(M142:N144) -> 287904.21
C147: Precio Unitario Total Aproximado al peso $ | O147: =+O145+O137 -> 1110487.7
H151: Elaboro
H154: ________________________________________________
H155: ING. JAIRO ANDRES QUINTERO PEÑALOZA
H156: Secretario de Infraestructura y Obras Públicas
C162: Formulario 1 - Propuesta económica - Documento tipo de selección abreviada de menor cuantía
C163: Versión: 1 del 21 de agosto de 2025
E167: MUNICIPIO DE BARICHARA
L168: VERSIÓN
L170: PÁGINA | M170: 3 | N170: DE | O170: =+$O$11 -> X
E172: ANALISIS DE PRECIOS UNITARIOS
L174: FECHA | M174: DD | N174: MM | O174: AA
M175: =+$M$16 -> 2 | N175: =+$N$16 -> 6 | O175: =+$O$16 -> 2026
C179: DATOS ESPECÍFICOS
C181: ITEM | D181: DESCRIPCIÓN | M181: UNIDAD | O181: CANTIDAD
C182: =+'PRESUPUESTO OFICIAL (Entidad)'!D21 -> 2.02 | D182: =+'PRESUPUESTO OFICIAL (Entidad)'!E21 -> Concreto ciclópeo de 0.30x0.20 de 3000 psi. (210kg/cm²) | M182: =+'PRESUPUESTO OFICIAL (Entidad)'!F21 -> M3 | O182: =+'PRESUPUESTO OFICIAL (Entidad)'!G21 -> 3.9
C183: I. EQUIPO
C186: DESCRIPCIÓN | H186: MARCA | J186: TIPO | L186: TARIFA/HORA | M186: RENDIMIENTO | O186: Vr. UNITARIO
C187: HERRAMIENTA MENOR | J187: % | L187: =+O215 -> 115200 | M187: 0.1 | O187: =+ROUND(L187*M187,2) -> 11520
C188: MEZCLADORA | J188: DIA | L188: 60000 | M188: 15 | O188: =+L188/M188 -> 4000
C190: SUBTOTAL $ | O190: =SUM(O187:O189) -> 15520
C191: II. MATERIALES
C194: DESCRIPCIÓN | K194: UNIDAD | L194: CANTIDAD | M194: PRECIO UNIT. | O194: Vr. UNITARIO
...

Sheet PROPUESTA ECONOMICA(Proponente)
C3: Formulario 1 - Propuesta económica - Documento tipo de selección abreviada de menor cuantía - versión 1
C4: Versión: 1 del 21 de agosto de 2025
C6: FORMULARIO 1
C7: PROPUESTA ECONOMICA
C8: [La entidad puede utilizar este formulario de detalle del presupuesto oficial para determinar las condiciones bajo las cuales los proponentes analizarán y presentarán su propuesta económica de forma detallada, sin perjuicio que la entidad pueda modificarlo o establecer la presentación de la oferta económica con un formulario distinto al indicado.]
C10: Adicionalmente, cuando el proceso de contratación es estructurado por precios unitarios, la Entidad debe aplicar las notas 1, 2 y 3 del presente formulario y las casillas de "Descripción", "Porcentaje" de la Administración, Imprevisto, Utilidad y total A.I.U. resaltadas en colo amarillo. Tratándose de otras modalidades de precio, la Entidad puede o no configurar los mismos aspectos.
C11: Nº | D11: ITEM DE PAGO | E11: ESPECIFICACIONES | G11: DESCRIPCION | H11: UND. | I11: CANTIDAD | J11: VALOR UNITARIO | K11: VALOR TOTAL
E12: GENERAL | F12: PARTICULAR
C13: BOXCULVER VEREDA GUAYABAL SECTOR QUEBRADA EL GUASIMO
C14: 1 | D14: PRELIMINARES | P14: n
D15: 1.1 | G15: Excavación en material común, a mano. | H15: M3 | I15: 20
D16: 1.2 | G16: Excavación en material común en roca | H16: M3 | I16: 13.5
D17: 1.3 | G17: Retiro de material sobrante. | H17: M3 | I17: =+I15 -> 20
D18: 1.4 | G18: Relleno en material común compactado manualmente | H18: M3 | I18: 50
C19: Subtotal | K19: =SUM(K15:K18) -> 0
C20: 2 | D20: OBRA CIVIL
D21: 2.1 | G21: Acero de Refuerzo 420 Mpa (incluye figurado y amarre) | H21: KG | I21: 228
D22: 2.2 | G22: Concreto de 210 Kg/cm² | H22: M3 | I22: 9.15
D23: 2.3 | G23: Concreto Resistencia 14MPa (G) (Ciclopeo) | H23: M3 | I23: 8
C24: Subtotal | K24: =+SUM(K21:K23) -> 0 | N24: =+K24+K19 -> 0
C25: ALCANTARILLA VEREDA GUAYABAL SECTOR EL GUAMAL
C26: 3 | D26: PRELIMINARES
D27: 3.1 | G27: Excavación en material común, a mano. | H27: M3 | I27: 51.08
D28: 3.2 | G28: Excavación en material común en roca | H28: M3 | I28: 5.11
D29: 3.3 | G29: Relleno en material común compactado manualmente | H29: M3 | I29: 22.18
D30: 3.4 | G30: Retiro de material sobrante. | H30: M3 | I30: 10
C31: Subtotal | K31: =SUM(K27:K30) -> 0
C32: 4 | D32: OBRA CIVIL
D33: 4.1 | G33: Suministro e Instalación Tubería de Concreto Reforzado 21 Mpa de 900 mm de diametro interior | H33: ML | I33: 5
D34: 4.2 | G34: Concreto de 210 Kg/cm² | H34: M3 | I34: 10.88
D35: 4.3 | G35: Concreto Resistencia 14MPa (G) (Ciclopeo) | H35: M3 | I35: 1.5
D36: 4.4 | G36: Acero de Refuerzo PDR-60 | H36: KG | I36: 66.81168
C37: Subtotal | K37: =SUM(K33:K36) -> 0
C38: SUBTOTAL OBRAS (INCLUYE IVA) | K38: =+K37+K31+K24+K19 -> 0
C40: VALOR TOTAL | K40: =+K38 -> 0
C43: NOTA 1: Se debe tener en cuenta que el PRECIO UNITARIO incluye el valor de A.I.U. | H43: DESCRIPCION | K43: PORCENTAJE
C44: NOTA 2: Cuando la fracción decimal del peso sea igual o superior a 5 se aproximara por exceso al número entero siguiente del peso y cuando la fracción decimal del peso sea inferior a 5 se aproximará por defecto al número entero del peso. | H44: ADMINISTRACION | J44: A= | K44: 0.29
C45: NOTA 3: El A.I.U y su discriminación deben estar en porcentaje (%). | H45: IMPREVISTO | J45: I= | K45: 0.01
H46: UTILIDAD | J46: U= | K46: 0.05
H47: TOTAL A.I.U | J47: A.I.U.= | K47: =+K46+K45+K44 -> 0.35
G53: Firma del Proponente o de su Representante Legal
